cohdb
Replays
Latest Replays
All Replays
Popular Replays
Top Player Replays
Match Explorer
How It Works
Community
CoH3 Stats
Reddit
Sign in to upload your games and track your stats! →
Sign in with Steam
Match 43080167
Unlisted
Match 43080167
Overview
Messages
Build Orders
End
Pioneer Squad
Pioneer Squad
Construct Infanterie Kompanie
Selects Luftwaffe Battlegroup
Selects Luftwaffe Pioneer Support
Grenadier Squad
MG 42 Machine Gun Team
MG 42 Machine Gun Team
Construct Luftwaffe Kompanie
Pioneer Squad
221 Scout Car
221 Scout Car
Medical Station
Selects LG40 Recoilless Gun Paradrop
LG40 Recoilless Gun Paradrop
Jäger Squad
MG 42 Machine Gun Team
Jäger Squad
Jäger Squad
MG 42 Machine Gun Team
Construct Panzer Kompanie
Construct Panzer Kompanie
Selects Infantry Reserves
Selects Stuka Strafing Run
Selects Fallschirmjäger Squad Paradrop
Sturmpanzer IV Brummbär
Selects Stuka Loiter
Stuka Loiter
Support Elements
Marder III M Tank Destroyer
Marder III M Tank Destroyer
GL no HF
Monsieur Nathan
0
0
Comments
sign in to comment!
No comments posted yet!